 Dungeon Crawl Stone Soup version 0.26-a0-639-g72c4674329 (webtiles) character file.

Game seed: 7806053084522447010

812 Flugslaktarn the Skirmisher (level 8, 0/64 HPs)
             Began as a Formicid Fighter on Sept 21, 2020.
             Was a Follower of Okawaru.
             Slain by a worker ant (2 damage)
             ... on level 6 of the Dungeon.
             The game lasted 00:02:11 (4141 turns).

Flugslaktarn the Skirmisher (Formicid Fighter)      Turns: 4141, Time: 00:02:11

Health: 0/64       AC: 12    Str: 24    XL:     8   Next: 15%
Magic:  9/9        EV:  5    Int:  7    God:    Okawaru [*.....]
Gold:   246        SH: 10    Dex: 10    Spells: 7/7 levels left

rFire    . . .     SeeInvis +   a - +0 war axe
rCold    . . .     Faith    .   c - +0 kite shield
rNeg     . . .     Spirit   .   l - +0 plate armour (curse)
rPois    .         Reflect  .   (helmet unavailable)
rElec    .         Harm     .   (no cloak)
rCorr    .         Rampage  .   (no gloves)
MR       .....                  (no boots)
Stlth    ..........             (no amulet)
HPRegen  0.20/turn              (no ring)
MPRegen  0.11/turn              (no ring)

@: mighty, lethally poisoned (0 -> -11)
A: permanent stasis, dig shafts and tunnels, four strong arms, antennae 3
a: Dig, Shaft Self, Heroism, Renounce Religion


You were on level 6 of the Dungeon.
You worshipped Okawaru.
Okawaru was aware of your devotion.
You visited 2 branches of the dungeon, and saw 7 of its levels.
You also visited: Sewer.

You collected 246 gold pieces.

Inventory:

Hand Weapons
 a - a +0 war axe (weapon)
Armour
 c - a +0 kite shield (worn)
 l - a cursed +0 plate armour (worn)
   (You found it on level 3 of the Dungeon)
Jewellery
 t - an uncursed ring of fire {unknown}
   (You found it in a sewer)
Scrolls
 b - 3 scrolls of enchant armour {unknown}
 f - 6 scrolls of identify {unknown}
 h - a scroll of magic mapping {unknown}
 k - 2 scrolls of amnesia {unknown}
 o - a scroll of teleportation {unknown}
 q - a scroll of random uselessness {unknown}
 r - 4 scrolls of remove curse {unknown}
 s - a scroll of enchant weapon {unknown}
Potions
 d - a potion of might
 e - a potion of haste {unknown}
 g - 2 potions of heal wounds {unknown}
 i - 3 potions of flight {unknown}
 j - 2 potions of berserk rage {unknown}
 m - a potion of lignification {unknown}
 n - a potion of brilliance {unknown}
 p - a potion of magic {unknown}


   Skills:
 * Level 6.1 Fighting
 * Level 5.1 Axes
 + Level 5.0 Armour
 + Level 5.3 Shields
 + Level 2.4 Invocations


You had 7 spell levels left.
You didn't know any spells.
Your spell library was empty.

Dungeon Overview and Level Annotations

Branches:
Dungeon (6/15)             Temple (1/1) D:4           Sewer (visited)

Altars:
Ashenzari
Elyvilon
Fedhas
Gozag
Okawaru
Sif Muna
Uskayaw
Vehumet
Wu Jian
Xom
Yredelemnul
Zin
The Shining One


Innate Abilities, Weirdness & Mutations

You cannot be hasted, slowed, berserked, paralysed or teleported.
You can dig through walls and to a lower floor.
Your four strong arms can wield two-handed weapons with a shield.
You have a pair of large antennae on your head. (SInv)


Message History

You kill the white imp!
Okawaru accepts your kill.
You barely miss the orc priest.
You feel sick. The orc priest completely misses you.
The worker ant closely misses you. You block the phantom's attack.
The orc priest hits you with a +0 mace.
* * * LOW HITPOINT WARNING * * *
The orc priest hits you but does no damage.
The worker ant bites you.
* * * LOW HITPOINT WARNING * * *
The phantom hits you but does no damage.
You completely miss the orc priest.
The orc priest is severely wounded.
Your plate armour prevents you from hitting the phantom.
You hit the orc priest. You slash the worker ant!
* * * LOW HITPOINT WARNING * * *
You feel sick. You block the orc priest's attack.
The orc priest hits you but does no damage.
You are more poisoned.
The worker ant bites you.
You die...

... ...#
..##...##
#..#....# ###
#.....(.## ....
#........#
.$...##.........
..........?.....
......)ao.......
......)o@.......
.......W........
................
...#.$..........
## #............
........##....
.....#...# ....
..####..(. ...


You could see a phantom, a worker ant and 2 orc priests.

Vanquished Creatures
  A phantom (D:4)
  3 ogres
  A bullfrog (Sewer)
  2 hounds
  An orc priest (D:3)
  A bullfrog skeleton (D:4)
  2 orc wizards (D:4)
  A worker ant (D:5)
  9 adders
  A white imp (D:6)
  5 oozes
  A worm (D:4)
  4 leopard geckos
  19 orcs
  3 bats
  9 giant cockroaches
  2 goblins (D:1)
  5 hobgoblins
  7 jackals
  5 kobolds
  2 quokkas
  9 ball pythons
  5 frilled lizards (Sewer)
  3 rats
101 creatures vanquished.

Notes
Turn   | Place    | Note
-------+----------+-------------------------------------------
     0 | D:1      | Flugslaktarn the Formicid Fighter began the quest for the
                  | Orb.
     0 | D:1      | Reached XP level 1. HP: 18/18 MP: 1/1
   265 | D:1      | Reached XP level 2. HP: 22/24 MP: 2/2
   503 | D:3      | Reached XP level 3. HP: 30/30 MP: 3/3
   548 | D:3      | Noticed an ogre
   554 | D:3      | Killed an ogre
   554 | D:3      | Reached skill level 4 in Fighting
   554 | D:3      | Reached XP level 4. HP: 38/38 MP: 4/4
   554 | D:3      | Reached XP level 5. HP: 43/43 MP: 5/5
  1030 | D:3      | Reached XP level 6. HP: 18/49 MP: 6/6
  1397 | D:3      | Found a faded altar of an unknown god.
  1397 | D:3      | Found a radiant altar of Vehumet.
  1406 | D:3      | Found a white marble altar of Elyvilon.
  1408 | D:3      | Found a blossoming altar of Fedhas.
  1409 | D:3      | Found a faded altar of an unknown god.
  1722 | D:4      | Reached skill level 5 in Fighting
  1726 | D:4      | Found a staircase to the Ecumenical Temple.
  1734 | Temple   | Entered the Ecumenical Temple
  2022 | Temple   | Became a worshipper of Warmaster Okawaru
  2291 | D:4      | Noticed an ogre
  2300 | D:4      | Killed an ogre
  2300 | D:4      | Reached skill level 1 in Invocations
  2300 | D:4      | Reached XP level 7. HP: 31/56 MP: 7/7
  2819 | D:4      | Reached * piety under Okawaru
  2819 | D:4      | Reached skill level 5 in Shields
  3220 | D:5      | Entered Level 5 of the Dungeon
  3388 | D:5      | Found a blossoming altar of Fedhas.
  3439 | D:5      | Found a glowing drain.
  3499 | Sewer    | Entered a sewer
  3704 | Sewer    | Reached skill level 6 in Fighting
  3704 | Sewer    | Reached skill level 5 in Axes
  3704 | Sewer    | Reached skill level 5 in Armour
  3704 | Sewer    | Reached XP level 8. HP: 62/64 MP: 9/9
  3898 | D:5      | Found a shimmering blue altar of Sif Muna.
  4140 | D:6      | HP: 3/64 [worker ant (3)]
  4141 | D:6      | Slain by a worker ant

Illustrated notes

Levels and vault maps discovered:
D:1:      ncdulo_smallfort, layout_loops_corners, minmay_indecisive_spiral
D:2:      layout_loops_ring, cheibriados_altar_1
D:3:      layout_loops_corners, nicolae_overflow_hidden_temple,
          chequers_temple_overflow_minitemple
D:4:      layout_loops_corners, minmay_temple_entry_wispy,
          chequers_serial_rivers_room_a
D:5:      layout_cave_pools, led_sif_pool, cheibrodos_sewer_entry_drain,
          fedhas_ov_isle_minmay
D:6:      layout_cave_pools, nicolae_ru_the_path_less_chosen
Temple:   compressed_dpeg_triangle_lava_temple

Skill      XL: |  1  2  3  4  5  6  7 |
---------------+----------------------+-----
Fighting       | 4 5 6 |  6.1
Axes           | 3 4 5 |  5.1
Shields        | 4 5 |  5.3
Armour         | 4 5 |  5.0
Invocations    | 1 2 |  2.4

Action                   |  1- 3 |  4- 6 |  7- 9 || total
-------------------------+-------+-------+-------++-------
Melee: War axe           |    46 |   134 |   135 ||   315
  Use: Potion            |       |       |     1 ||     1
Armor: Scale mail        |    16 |       |       ||    16
       Chain mail        |    12 |    35 |       ||    47
       Plate armour      |       |    35 |    99 ||   134
Dodge: Dodged            |    16 |    27 |    38 ||    81
Block: Kite shield       |    24 |    73 |    87 ||   184

Table legend: (Time is in decaauts)
 A = Elapsed time spent in this place.
 B = Non-inter-level travel time spent in this place.
 C = Inter-level travel time spent in this place.
 D = Time resting spent in this place.
 E = Time spent auto-exploring this place.
 F = Levels seen in this place.
 G = Mean time per level.
                   A        B        C        D        E       F      G
               +--------+--------+--------+--------+--------+-----+--------+
         Total |   4335 |   4181 |    154 |    186 |   3039 |   8 |  541.9 |
       Dungeon |   3600 |   3476 |    124 |    186 |   2637 |   6 |  600.0 |
        Temple |    306 |    276 |     30 |      0 |    270 |   1 |  306.0 |
         Sewer |    428 |    428 |      0 |      0 |    132 |   1 |  428.0 |
               +--------+--------+--------+--------+--------+-----+--------+

Top non-repeatable levels by time:
     D:4: 1279 daAuts
     D:3: 1263 daAuts
     D:5: 578 daAuts
     D:1: 435 daAuts
   Sewer: 428 daAuts
  Temple: 306 daAuts
     D:2: 23 daAuts
     D:6: 20 daAuts
